 Dungeon Crawl Stone Soup version 0.25-a0-707-g603da076d2 (webtiles) character file.

Game seed: 17097001778535600124, levelgen mode: deterministic

56 Amnesiac the Poker (level 3, -2/29 HPs)
             Began as a Merfolk Monk on Apr 5, 2020.
             Slain by an adder (4 damage)
             ... on level 3 of the Dungeon.
             The game lasted 00:02:44 (1449 turns).

Amnesiac the Poker (Merfolk Monk)                   Turns: 1449, Time: 00:02:45

Health: -2/29      AC:  2    Str: 12    XL:     3   Next: 97%
Magic:  3/3        EV: 14    Int:  9    God:
Gold:   60         SH:  0    Dex: 16    Spells: 2/2 levels left

rFire    . . .     SeeInvis .   a - +0 spear
rCold    . . .     Gourm    .   (no shield)
rNeg     . . .     Faith    .   f - +0 robe
rPois    .         Spirit   .   (no helmet)
rElec    .         Reflect  .   (no cloak)
rCorr    .         Harm     .   (no gloves)
MR       .....                  (no boots)
Stlth    ++........             (no amulet)
HPRegen  0.09/turn              (no ring)
MPRegen  0.08/turn              (no ring)

@: lethally poisoned (-2 -> -4)
A: change form in water, swift swim, stealthy swim
a: no special abilities


You were on level 3 of the Dungeon.
You were not hungry.

You visited 1 branch of the dungeon, and saw 3 of its levels.

You collected 60 gold pieces.

Inventory:

Hand Weapons
 a - a +0 spear (weapon)
 b - a cursed -2 hunting sling
Armour
 f - a +0 robe (worn)
 s - a +0 pair of gloves
Jewellery
 p - an uncursed ring of flight
 q - a cursed amulet of inaccuracy {unknown}
Scrolls
 e - a scroll of random uselessness {!r, unknown}
 l - 2 scrolls of enchant armour {!r, unknown}
 m - a scroll of teleportation {!r, unknown}
 n - a scroll of amnesia {!r, unknown}
 o - a scroll of magic mapping {!r, unknown}
 t - a scroll of noise {!r, unknown}
Potions
 d - a potion of stabbing {!q, unknown}
 g - 2 potions of heal wounds {!q, unknown}
 h - a potion of haste {!q, unknown}
 i - a potion of flight {!q, unknown}
 j - 2 potions of brilliance {!q, unknown}
 r - a potion of resistance {!q, unknown}
Comestibles
 c - 2 rations


   Skills:
 - Level 3.2 Fighting
 + Level 6.9 Polearms
 - Level 4.0 Dodging
 - Level 2.1 Stealth


You had 2 spell levels left.
You didn't know any spells.
Your spell library was empty.

Dungeon Overview and Level Annotations

Branches:
Dungeon (3/15)

Altars:

Annotations:
D:2 exclusion: sky beast


Message History

There is a stone staircase leading down here.
The jackal misses you. The jackal barely misses you.
You climb downwards.
A goblin comes into view. It is wielding a +0 club.
Found four items.
Found a stone staircase leading down.
There is a stone staircase leading up here.
You barely miss the jackal. The jackal bites you.
The jackal closely misses you.
You hit the jackal.
The jackal is lightly wounded.
The jackal misses you.
You hit the jackal.
You kill the jackal!
No target in view!
No target in view!
No target in view!
You start resting.
Some of the chunks of flesh in your inventory have rotted away.
A worm comes into view.
Found 22 stones.
Found a stone staircase leading up.
Found a spear.
The goblin shouts!
An adder comes into view.
The adder hisses angrily.
You see here a jackal corpse.
All of the chunks of flesh in your inventory have rotted away.
The goblin hits you with a +0 club.
You see here a scroll labeled UMITHRI KUSK {!r}.
The adder closely misses you.
Found a lumpy coppery potion.
The adder misses you.
There is a stone staircase leading up here.
A goblin comes into view.
The adder barely misses you.
Found 9 gold pieces.
You miss the adder. The adder bites you.
* * * LOW HITPOINT WARNING * * *
You are poisoned.
The adder poisons you!
You feel sick.
The goblin shouts!
The adder closely misses you.
The goblin wields a +0 hunting sling.
The goblin shoots a stone.
The stone hits you.
* * * LOW HITPOINT WARNING * * *
You see here a stone.
An adder comes into view.
The goblin shoots a stone.
The stone barely misses you.
The stone hits the adder.
You feel sick.
The adder hisses angrily.
The goblin unwields a +0 hunting sling.
The goblin closely misses you. The adder closely misses you.
The goblin hits you.
* * * LOW HITPOINT WARNING * * *
Really quaff
d - a purple potion {!q}?
Okay, then.
The adder misses you. The goblin hits you.
* * * LOW HITPOINT WARNING * * *
Okay, then.
The goblin wields a +0 hunting sling.
The goblin shoots a stone.
The stone closely misses you.
* * * LOW HITPOINT WARNING * * *
You feel sick. The adder bites you.
You die...

###### .....## ......##
......!# ....<..####
.>w.......######### ###
.........(.##.....##....
....().##....gSS....^...
.......##....g..@.......
......####$.............
.....## ##.............
##..## #.........(...
##.# #.............
#.............
##............
##.....##....


You could see 2 adders and 2 goblins.

Vanquished Creatures
  A worm (D:2)
  2 dart slugs
  A leopard gecko (D:1)
  3 giant cockroaches (D:1)
  8 goblins
  6 hobgoblins
  3 jackals
  A ball python (D:1)
  7 bats
  8 frilled lizards
  3 kobolds (D:1)
  4 rats
47 creatures vanquished.

Notes
Turn   | Place    | Note
-------+----------+-------------------------------------------
     0 | D:1      | Amnesiac the Merfolk Monk began the quest for the Orb.
     0 | D:1      | Reached XP level 1. HP: 18/18 MP: 1/1
   172 | D:1      | Reached skill level 5 in Polearms
   172 | D:1      | Reached XP level 2. HP: 21/24 MP: 2/2
   418 | D:1      | Reached skill level 6 in Polearms
   418 | D:1      | Reached XP level 3. HP: 10/29 MP: 3/3
  1312 | D:2      | Noticed a sky beast
  1449 | D:3      | Slain by an adder

Levels and vault maps discovered:
D:1:      psy_arrival_statuary, layout_basic, minmay_octomino_c4
D:2:      layout_basic
D:3:      lemuel_upstairs_altar, layout_rooms, uniq_terence

Skill      XL: |  1  2 |
---------------+-------+-----
Polearms       | 5 6 |  6.9
Fighting       | |  3.2
Dodging        | |  4.0
Stealth        | |  2.1

Action                   || total
-------------------------++-------
Melee: Spear             ||   214
  Eat: Chunk             ||     2
Armor: Robe              ||    25
Dodge: Dodged            ||   141

Table legend:
 A = Non-vault XP
 B = Vault XP
 C = Vault XP percentage of total XP
 D = Non-vault monster count
 E = Vault monster count
 F = Vault count percentage of total count
                 A         B        C        D         E       F
            +---------+---------+-------+---------+---------+-------
      Total |      71 |      10 |  12.3 |      40 |       7 |  14.9
            +---------+---------+-------+---------+---------+-------
        D:1 |      43 |      10 |  18.9 |      26 |       7 |  21.2
        D:2 |      26 |       0 |   0.0 |      13 |       0 |   0.0
        D:3 |       2 |       0 |   0.0 |       1 |       0 |   0.0
            +---------+---------+-------+---------+---------+-------
